 Dungeon Crawl Stone Soup version 0.17-a0-877-ga10078a (webtiles) character file.

30264 hornqvist the Severer (level 13, -4/86 HPs)
             Began as a Formicid Fighter on Apr 30, 2015.
             Was an Initiate of Gozag.
             Shot with a bolt by an orc knight (31 damage)
             ... on level 4 of the Orcish Mines.
             The game lasted 00:18:50 (17254 turns).

hornqvist the Severer (Formicid Fighter)           Turns: 17254, Time: 00:18:50

Health: -4/86      AC: 15    Str: 29    XL:     13   Next: 87%
Magic:  13/13      EV:  5    Int:  9    God:    Gozag
Gold:   506        SH: 14    Dex:  7    Spells: 2 memorised, 5 levels left

rFire  . . .     SeeInvis +     M - +0 battleaxe (venom)
rCold  + . .     Clarity  .     w - +1 plate armour
rNeg   . . .     SustAb   .     s - +0 shield {reflect}
rPois  .         Gourm    .     (helmet unavailable)
rElec  .         Spirit   .     d - +0 cloak of Niamm {Str+4 Dex-3 Slay+2} (curse)
rCorr  .         Warding  .     A - +0 pair of gloves
rMut   .         Stasis   +     h - +0 pair of boots
MR     +....                    (no amulet)
Stlth  ..........               j - ring of flight
                                v - ring of protection from cold

@: somewhat resistant to hostile enchantments, extremely unstealthy
A: permanent stasis, dig shafts and tunnels, four strong arms, antennae 3
a: Dig, Shaft Self, Potion Petition, Call Merchant, Bribe Branch, Renounce
Religion, Evoke Flight


You were on level 4 of the Orcish Mines.
You worshipped Gozag.
Gozag was noncommittal.
You were very full.

You visited 4 branches of the dungeon, and saw 19 of its levels.

You collected 5565 gold pieces.
You spent 672 gold pieces at shops.
You paid 4387 gold pieces to Gozag.

Inventory:

Hand weapons
 m - the +8 flail of Distraction {crush, rF+ Int+3 Dex+4}
   (You found it on level 10 of the Dungeon)

   It inflicts extra damage upon your enemies.
   It affects your intelligence (+3).
   It affects your dexterity (+4).
   It protects you from fire.
 q - a +2 dire flail of holy wrath
 u - the +7 war axe of the Foot {chop, rPois rF+ MR+ Dex-5}
   (You bought it in a shop on level 11 of the Dungeon)

   It inflicts extra damage upon your enemies.
   It affects your dexterity (-5).
   It protects you from fire.
   It protects you from poison.
   It affects your resistance to hostile enchantments.
 M - a +0 battleaxe of venom (weapon)
Armour
 d - the cursed +0 cloak of Niamm (worn) {Str+4 Dex-3 Slay+2}
   (You bought it in a shop on level 12 of the Dungeon)

   It affects your strength (+4).
   It affects your dexterity (-3).
   It affects your accuracy and damage with ranged weapons and melee attacks
   (+2).
   It has a curse placed upon it.
 h - a +0 pair of boots (worn)
 s - a +0 shield of reflection (worn)
 w - a +1 plate armour (worn)
 A - a +0 pair of gloves (worn)
Jewellery
 j - a ring of flight (right hand)
 v - a ring of protection from cold (left hand)
 F - an uncursed ring of protection from cold
Scrolls
 b - a scroll of amnesia
 i - 9 scrolls of identify
 n - 5 scrolls of remove curse
 o - 2 scrolls of fog
 r - a scroll of enchant armour
 t - 2 scrolls of enchant weapon
Potions
 a - a potion of ambrosia {unknown}
 f - 2 potions of curing
 k - a potion of resistance
 p - 5 potions of brilliance
 x - a potion of mutation {unknown}
 E - 4 potions of flight {unknown}
Books
 l - a book of Spatial Translocations

   Spells                             Type                      Level
   a - Apportation                    Translocation                1
   b - Blink                          Translocation                2
   c - Shroud of Golubria             Charms/Translocation         2
   d - Portal Projectile              Translocation                3
   e - Teleport Other                 Translocation                3
   f - Passage of Golubria            Translocation                4
 z - a book of Debilitation

   Spells                             Type                      Level
   a - Corona                         Hexes                        1
   b - Slow                           Hexes                        2
   c - Gell's Gravitas                Hexes/Translocation          3
   d - Inner Flame                    Hexes/Fire                   3
   e - Cause Fear                     Hexes                        4
   f - Leda's Liquefaction            Hexes/Earth                  4
 D - a book of the Earth

   Spells                             Type                      Level
   a - Leda's Liquefaction            Hexes/Earth                  4
   b - Bolt of Magma                  Conjuration/Fire/Earth       5
   c - Statue Form                    Transmutation/Earth          6
   d - Iron Shot                      Conjuration/Earth            6
   e - Shatter                        Earth                        9
 H - a book of Maledictions

   Spells                             Type                      Level
   a - Corona                         Hexes                        1
   b - Ensorcelled Hibernation        Hexes/Ice                    2
   c - Confuse                        Hexes                        3
   d - Tukima's Dance                 Hexes                        3
   e - Dazzling Spray                 Conjuration/Hexes            3
 I - a book of Conjurations

   Spells                             Type                      Level
   a - Magic Dart                     Conjuration                  1
   b - Searing Ray                    Conjuration                  2
   c - Dazzling Spray                 Conjuration/Hexes            3
   d - Fulminant Prism                Conjuration/Hexes            4
   e - Iskenderun's Mystic Blast      Conjuration                  4
   f - Iskenderun's Battlesphere      Conjuration/Charms           5
Comestibles
 e - 6 bread rations
 g - 5 meat rations


   Skills:
 - Level 3.2 Fighting
 * Level 15.4 Axes
 - Level 3.2 Armour
 + Level 10.2 Dodging
 + Level 13.9 Shields


You had 5 spell levels left.
You knew the following spells:

 Your Spells              Type           Power        Failure   Level  Hunger
a - Statue Form           Trmt/Erth      #........    100%        6    #######
b - Apportation           Tloc           #.........   100%        1    ##.....


Dungeon Overview and Level Annotations

Branches:
Dungeon (12/15)            Temple (1/1) D:4            Lair (2/8) D:9
    Orc (4/4) D:9
    Elf: Orc:3-4

Altars:
Ashenzari
Cheibriados
Dithmenos
Elyvilon
Fedhas
Gozag
Kikubaaqudgha
Okawaru
Ru
Trog
Vehumet
Xom
Yredelemnul
Beogh

Shops:
D:4 !   D:10 [   D:11 (   D:12 [   D:13 [   D:15 [   Orc:1 }


Innate Abilities, Weirdness & Mutations

You are under a permanent stasis effect.
You can dig through walls and to a lower floor.
Your four strong arms can wield two-handed weapons with a shield.
You have a pair of large antennae on your head (SInv).


Message History

The orc warrior is no longer distracted by gold. x2
The orc warrior is distracted by the nearby gold.
The orc knight is distracted by the nearby gold.
You see here an arrow.
The orc unwields an uncursed trident.
The orc wields an arbalest.
The orc shoots a bolt.
You reflect the bolt off your +0 shield of reflection!
The bolt barely misses the orc.
The bolt hits the orc knight.
The orc knight shouts!
The orc is no longer distracted by gold.
You see here an arrow.
The orc warrior is no longer distracted by gold.
The orc warrior is distracted by the nearby gold.
The orc shoots a bolt.
The bolt misses you.
There is a stone staircase leading up here.
The orc knight unwields an uncursed broad axe.
The orc knight wields an arbalest.
The orc knight shoots a bolt.
The bolt hits you!!
You die...
Your body crumbles into a pile of gold.

... $ ..... .. .
.......#. #.
.......... #..
##........ . #.#
#...##..##.. .##
..##..##.......
......#.#(.#$$o......
.....(..@(.((oo(....≈
......#.#..#$$o...≈≈≈
... ...#..#...o(≈≈≈ .
...............o.
..................o
$....$...#.....≈≈ $
...#....#....(.
...#......... #..#..


You could see 2 orc knights, an orc warrior and 2 orcs.

Vanquished Creatures
  Gastronok (Lair:2)
  Donald (Orc:3)
  Josephine (Orc:2)
  2 centaur warriors
  An orc high priest (Orc:2)
  A necromancer (D:12)
  5 hill giants
  4 orc knights
  A moth of wrath (D:2)
  An ugly thing (D:8)
  A griffon (D:12)
  2 manticores (D:12)
  2 spiny frogs (Lair:1)
  A black mamba (Lair:1)
  A komodo dragon (Lair:1)
  2 trolls
  Grinder (D:5)
  A slime creature (D:12)
  Sigmund (D:5)
  A shadow (D:12)
  32 yaks
  A hungry ghost (D:9)
  A wyvern (D:8)
  7 wraiths
  A human (D:10)
  6 hippogriffs
  Menkaure (D:6)
  A warg (Orc:1)
  Edmund (D:5)
  2 water moccasins (Lair:2)
  6 sky beasts
  21 orc warriors
  2 porcupines (Lair:2)
  4 black bears
  A necrophage (D:12)
  4 phantoms
  7 ogres
  6 centaurs
  5 crocodiles
  5 giant frogs
  A wyvern skeleton (D:8)
  5 scorpions
  A troll zombie (D:9)
  2 wights (D:11)
  3 vampire bats (D:2)
  A centaur zombie (D:9)
  4 crimson imps
  17 orc wizards
  18 orc priests
  5 jellies
  4 giant frog skeletons
  7 worker ants
  5 hounds
  A centaur skeleton (D:7)
  6 iguanas
  2 killer bee zombies
  4 sheep (D:10)
  5 ogre zombies (D:9)
  2 hound skeletons
  14 adders
  3 gnolls (D:5)
  27 river rats
  2 shadow imps
  An ooze (D:1)
  2 adder zombies
  2 adder skeletons
  5 worms
  12 giant geckos
  150 orcs
  A ball python (D:3)
  3 bat skeletons (D:2)
  2 bat zombies (D:2)
  7 giant cockroaches
  25 goblins
  20 hobgoblins
  6 jackals
  3 quokkas
  13 bats
  A giant gecko skeleton (D:4)
  A giant spore (D:10)
  2 goblin skeletons (D:9)
  2 hobgoblin skeletons (D:9)
  2 hobgoblin zombies (D:9)
  A jackal skeleton (D:5)
  19 kobolds
  3 orc skeletons (D:9)
  10 orc zombies (D:9)
  21 rats
  12 ballistomycetes
  A plant (Lair:1)
611 creatures vanquished.

Vanquished Creatures (others)
  An orc (Orc:3)
  A giant cockroach (D:2)
  2 giant spores
4 creatures vanquished.

Grand Total: 615 creatures vanquished

Notes
Turn   | Place    | Note
--------------------------------------------------------------
     0 | D:1      | hornqvist, the Formicid Fighter, began the quest for the Orb.
     0 | D:1      | Reached XP level 1. HP: 18/18 MP: 1/1
   156 | D:1      | Reached XP level 2. HP: 24/24 MP: 2/2
   434 | D:1      | Reached skill level 4 in Shields
   434 | D:1      | Reached XP level 3. HP: 26/29 MP: 3/3
   785 | D:2      | Reached skill level 1 in Dodging
   863 | D:2      | Noticed a moth of wrath
   866 | D:2      | Found a bloodstained altar of Trog.
   885 | D:2      | Reached XP level 4. HP: 25/35 MP: 4/4
  1090 | D:2      | Killed a moth of wrath
  1090 | D:2      | Reached skill level 5 in Axes
  1090 | D:2      | Reached skill level 5 in Shields
  1090 | D:2      | Reached XP level 5. HP: 19/41 MP: 5/5
  1090 | D:2      | Reached XP level 6. HP: 21/47 MP: 6/6
  1090 | D:2      | Reached XP level 7. HP: 23/52 MP: 7/7
  1243 | D:2      | Found a white marble altar of Elyvilon.
  1365 | D:2      | Found an ancient bone altar of Kikubaaqudgha.
  1373 | D:2      | Reached skill level 6 in Shields
  1578 | D:3      | Found a shadowy altar of Dithmenos.
  2157 | D:4      | Found a staircase to the Ecumenical Temple.
  2195 | Temple   | Entered the Ecumenical Temple
  2204 | Temple   | Became a worshipper of Gozag Ym Sagoz the Greedy
  2339 | D:4      | Reached XP level 8. HP: 52/58 MP: 8/8
  2882 | D:4      | Found an iron altar of Okawaru.
  3060 | D:4      | Found Loruamon's Distillery.
  3065 | D:4      | Bought a potion of heal wounds for 50 gold pieces
  3199 | D:4      | Found an iron altar of Okawaru.
  3404 | D:5      | Entered Level 5 of the Dungeon
  3460 | D:5      | Noticed Grinder
  3480 | D:5      | Killed Grinder
  3579 | D:5      | Found a bloodstained altar of Trog.
  3625 | D:5      | Reached skill level 7 in Shields
  3878 | D:5      | Noticed Sigmund
  3889 | D:5      | Killed Sigmund
  4061 | D:5      | Noticed Edmund
  4083 | D:5      | Killed Edmund
  4083 | D:5      | Reached XP level 9. HP: 52/64 MP: 9/9
  4136 | D:5      | Found a shattered altar of Ashenzari.
  4139 | D:5      | Found a radiant altar of Vehumet.
  4285 | D:5      | Reached skill level 8 in Axes
  4526 | D:6      | Noticed Menkaure
  4538 | D:6      | Killed Menkaure
  4676 | D:6      | Got a warped leather armour
  4677 | D:6      | Identified the cursed +1 leather armour of the Sun {MR- rCorr MP+9 Str-3} (You found it on level 6 of the Dungeon)
  4692 | D:6      | Reached skill level 5 in Dodging
  5385 | D:7      | Reached skill level 9 in Axes
  5407 | D:7      | Noticed a hill giant
  5665 | D:8      | Reached XP level 10. HP: 70/70 MP: 10/10
  5958 | D:8      | Noticed a green ugly thing
  5972 | D:8      | Killed a green ugly thing
  5972 | D:8      | Reached skill level 10 in Axes
  6139 | D:8      | Found an opulent altar of Gozag.
  6305 | D:8      | Learned a level 6 spell: Statue Form
  7074 | D:9      | Found a staircase to the Lair.
  7312 | D:9      | Reached skill level 10 in Shields
  7651 | D:9      | Reached skill level 11 in Axes
  7658 | D:9      | Found a staircase to the Orcish Mines.
  7856 | D:9      | Reached XP level 11. HP: 60/75 MP: 11/11
  8086 | D:10     | Entered Level 10 of the Dungeon
  8086 | D:10     | Found Kakycw's Antique Armour Boutique.
  8153 | Orc:1    | Entered Level 1 of the Orcish Mines
  8773 | Orc:1    | Found Fofrume's Gadget Emporium.
  8824 | Orc:1    | Noticed an orc knight
  8859 | Orc:1    | HP: 1/75 [orc knight/great sword (29)]
  9182 | D:10     | Noticed a centaur warrior
  9202 | D:10     | Killed a centaur warrior
  9492 | D:10     | Got a fine flail
  9493 | D:10     | Identified the +8 flail of Distraction {crush, rF+ Int+3 Dex+4} (You found it on level 10 of the Dungeon)
  9527 | D:10     | Noticed a hill giant
  9537 | D:10     | Killed a hill giant
  9537 | D:10     | Reached skill level 12 in Axes
 10266 | Orc:1    | Killed an orc knight
 10887 | Orc:2    | Noticed Josephine
 10894 | Orc:2    | Killed Josephine
 10894 | Orc:2    | Reached XP level 12. HP: 66/81 MP: 12/12
 11014 | Orc:2    | Noticed an orc knight
 11016 | Orc:2    | Noticed an orc high priest
 11018 | Orc:2    | Noticed an orc knight
 11051 | Orc:2    | HP: 3/81 [sixfirhy[an orc high priest] (9)]
 11352 | Lair:1   | Entered Level 1 of the Lair of Beasts
 11692 | Lair:1   | Reached skill level 13 in Axes
 12583 | Lair:2   | Found a blossoming altar of Fedhas.
 12677 | Lair:2   | Noticed Gastronok
 12695 | Lair:2   | Killed Gastronok
 13377 | D:11     | Found a shimmering altar of Xom.
 13648 | D:11     | Reached skill level 14 in Axes
 13840 | D:11     | Reached XP level 13. HP: 63/86 MP: 13/13
 13912 | D:11     | Found an iron altar of Okawaru.
 14065 | D:11     | Found Ydaem's Antique Weapon Shoppe.
 14068 | D:11     | Bought a bloodstained war axe for 280 gold pieces
 14077 | D:11     | Identified the +7 war axe of the Foot {chop, rPois rF+ MR+ Dex-5} (You bought it in a shop on level 11 of the Dungeon)
 14170 | D:11     | Found a shimmering altar of Xom.
 14173 | D:11     | Found a shimmering altar of Xom.
 14174 | D:11     | Found a shimmering altar of Xom.
 14175 | D:11     | Found a shimmering altar of Xom.
 14176 | D:11     | Found a shimmering altar of Xom.
 14296 | D:12     | Found Yckioqe's Antique Armour Boutique.
 14339 | D:12     | Bought a bloodstained cloak for 342 gold pieces
 14351 | D:12     | Identified the cursed +0 cloak of Niamm {Str+4 Dex-3 Slay+2} (You bought it in a shop on level 12 of the Dungeon)
 14925 | D:12     | Learned a level 1 spell: Apportation
 15573 | Orc:2    | Killed an orc knight
 15573 | Orc:2    | Reached skill level 15 in Axes
 15934 | Orc:2    | Killed an orc high priest
 15934 | Orc:2    | Reached skill level 10 in Dodging
 15961 | Orc:2    | Killed an orc knight
 16248 | Orc:2    | Found a roughly hewn altar of Beogh.
 16876 | Orc:3    | Noticed Donald
 16895 | Orc:3    | Killed Donald
 17231 | Orc:4    | Entered Level 4 of the Orcish Mines
 17254 | Orc:4    | Shot with a bolt by an orc knight

Action                   |  1- 3 |  4- 6 |  7- 9 | 10-12 | 13-15 || total
-------------------------+-------+-------+-------+-------+-------++-------
Melee: War axe           |    86 |     2 |       |       |       ||    88
       Hand axe          |       |    29 |   460 |   600 |       ||  1089
       Flail             |       |       |       |   332 |   127 ||   459
       Battleaxe         |       |       |       |   100 |   269 ||   369
Invok: Call Merchant     |       |       |       |     4 |     1 ||     5
 Abil: Dig               |       |     1 |       |     1 |       ||     2
  Use: Scroll            |       |     2 |     1 |     8 |     3 ||    14
       Potion            |       |     1 |     1 |    12 |       ||    14
 Stab: Distracted        |       |       |       |     7 |     3 ||    10
  Eat: Chunk             |       |     1 |     3 |       |       ||     4
       Fruit             |       |       |    12 |       |     2 ||    14
       Beef jerky        |       |       |     1 |     6 |       ||     7
       Pizza             |       |       |     1 |     3 |     5 ||     9
       Bread ration      |       |       |       |     3 |     1 ||     4
       Royal jelly       |       |       |       |     1 |       ||     1
       Meat ration       |       |       |       |       |     1 ||     1
